Cogmind - Beta 10.2 @@@ ROGUE MODE // 2021.10.17 @ 15:05:30 Player: Hilbert Result: Destroyed by P-70 Sage with High-powered Shock Rifle Performance ------------- Evolutions (6) 3000 Regions Visited (11) 2200 Robots Destroyed (31) 155 Value Destroyed (892) 892 Prototype IDs (2) 40 Alien Tech Used (0) 0 Bonus (396) 396 TOTAL SCORE: 6683 Bonus ------- High Alert Combat Kills 46 Follower Combat Kills 50 Aligned with FarCom 300 Cogmind --------- Core Integrity 0/1150 Matter 290/300 Energy 95/100 System Corruption 1% Temperature Cool (0) Movement Core (50) Location -4/Factory Parts ------- > --- POWER (2) -------- (None) > --- PROPULSION (6) --- (None) > --- UTILITY (9) ------ (None) > --- WEAPON (2) ------- Axe > --- INVENTORY (4) ---- Xenon Bombardment Thruster Nuclear Pulse Thruster Kinecellerator Peak State ------------ > --- POWER ------------ Micro Nuclear Core Micro Nuclear Core > --- PROPULSION ------- Flying Fortress v7 > --- UTILITY ---------- Large Storage Unit Advanced Weight Redist. System Advanced Sensor Array Advanced Terrain Scan Processor Kinecellerator Transmission Jammer Improved Shield Generator System Guard > --- WEAPON ----------- Scythe > --- INVENTORY -------- Xenon Bombardment Thruster Xenon Bombardment Thruster Xenon Bombardment Thruster Xenon Bombardment Thruster Nuclear Pulse Thruster Nuclear Pulse Thruster Improved Proton Missile Launcher Rocket Launcher Heavy Pick [Rating: 73] Favorites ----------- Power Micro Nuclear Core Engine Light Ion Engine Power Core Micro Nuclear Core Propulsion Light Treads Treads Light Treads Leg Carbon-fiber Leg Wheel Compact Wheel Flight Unit Flying Fortress v7 Utility Small Storage Unit Device Advanced Sensor Array Storage Small Storage Unit Processor Advanced Terrain Scan Processor Weapon Scythe Energy Gun Medium Laser Ballistic Gun Light Assault Rifle Launcher Grenade Launcher Slashing Weapon Scythe Piercing Weapon Heavy Pick Build | -11 -10 -10 -10 -9 -8 -7 -6 -6 -6 -5 -4 ------- Run | Scr Mat Min Exi Min Mat Fac Fac Was Fac Fac Fac Slots Evolved 12 | . . . . . 4 2 2 . . 2 2 Power 1 | . . . . . . 1 . . . . . Propulsion 4 | . . . . . 2 . . . . . 2 Utility 7 | . . . . . 2 1 2 . . 2 . Weapon . | . . . . . . . . . . . . Parts Attached 34 | 2 2 . . . 12 11 2 . . 1 4 Power 3 | . . . . . 1 2 . . . . . Engine 1 | . . . . . 1 . . . . . . Core 2 | . . . . . . 2 . . . . . Reactor . | . . . . . . . . . . . . Propulsion 11 | 2 . . . . 4 3 . . . . 2 Treads 4 | 1 . . . . 3 . . . . . . Leg 2 | . . . . . . 2 . . . . . Wheel 2 | 1 . . . . 1 . . . . . . Hover . | . . . . . . . . . . . . Flight 3 | . . . . . . 1 . . . . 2 Utility 11 | . 1 . . . 2 5 2 . . 1 . Device 7 | . . . . . 1 4 1 . . 1 . Storage 2 | . 1 . . . . . 1 . . . . Processor 2 | . . . . . 1 1 . . . . . Hackware . | . . . . . . . . . . . . Protection . | . . . . . . . . . . . . Artifact . | . . . . . . . . . . . . Weapon 9 | . 1 . . . 5 1 . . . . 2 Energy Gun 1 | . . . . . 1 . . . . . . Energy Cannon . | . . . . . . . . . . . . Ballistic Gun 3 | . 1 . . . 2 . . . . . . Ballistic Cannon . | . . . . . . . . . . . . Launcher 2 | . . . . . 2 . . . . . . Special Weapon . | . . . . . . . . . . . . Impact Weapon . | . . . . . . . . . . . . Slashing Weapon 2 | . . . . . . 1 . . . . 1 Piercing Weapon 1 | . . . . . . . . . . . 1 Special Melee Weapon . | . . . . . . . . . . . . Unidentified Prototypes 2 | . . . . . 1 1 . . . . . Parts Lost 18 | . . . . . 5 . . . . 2 11 Power 3 | . . . . . 1 . . . . . 2 Propulsion 4 | . . . . . 1 . . . . . 3 Utility 7 | . . . . . 1 . . . . 2 4 Weapon 4 | . . . . . 2 . . . . . 2 Highest Loss Streak 5 | . . . . . 5 . . . . 1 5 Average Slot Usage (%) 67 | . 95 100 100 100 81 32 72 73 73 61 37 Engine 5 | . 14 14 14 14 8 . . . . . . Core 4 | . . . . . . 4 13 13 13 11 4 Treads 7 | . 14 14 14 14 20 3 . . . . . Leg 1 | . . . . . . 7 . . . . . Wheel 5 | . 14 14 14 14 8 . . . . . . Flight 3 | . . . . . . 3 6 6 6 5 10 Device 11 | . . . . . 8 6 32 33 33 26 7 Storage 12 | . 23 28 28 28 17 . 6 6 6 5 3 Processor 2 | . . . . . 1 . 6 6 6 5 4 Energy Gun 4 | . 18 14 14 14 3 . . . . . . Ballistic Gun 4 | . 9 14 14 14 2 . . . . . . Launcher 1 | . . . . . 10 . . . . . . Slashing Weapon 2 | . . . . . . 3 6 6 6 5 4 Naked Turns 14 | . . . . . 1 . . . . . 13 Heaviest Build 42 | 10 14 14 14 14 19 20 38 38 38 42 33 Greatest Support 88 | 16 20 20 16 16 60 81 81 81 81 81 88 Greatest Overweight (x) . | . . . . . . . . . . . . Average Overweight (x) . | . . . . . . . . . . . . Largest Inventory Capacity 10 | 6 8 8 8 8 8 4 10 10 10 10 10 Average Capacity 7 | 6 7 8 8 8 7 4 9 10 10 10 8 Most Carried 10 | 6 8 8 8 8 8 4 6 6 10 10 9 Average Carried 6 | 6 6 7 7 8 6 3 4 6 7 9 6 Final Capacity 10 | 6 8 8 8 8 4 4 10 10 10 10 4 Final Carried 10 | 6 8 8 8 8 4 3 6 6 9 10 3 Class Distribution -------------------- 61% | Mutant 25% | Ninja 12% | Scout Dominant Class ---------------- Mutant | -10/Materials Mutant | -10/Mines Mutant | -10/Exiles Mutant | -9/Mines Mutant | -8/Materials Mutant | -7/Factory Ninja | -6/Factory Ninja | -6/Waste Ninja | -6/Factory Ninja | -5/Factory Mutant | -4/Factory Resources | -11 -10 -10 -10 -9 -8 -7 -6 -6 -6 -5 -4 ----------- Run | Scr Mat Min Exi Min Mat Fac Fac Was Fac Fac Fac Matter Collected 873 | 208 32 9 . . 290 247 . . 78 9 . Remotely . | . . . . . . . . . . . . Salvage Created 837 | . . 91 . . 653 42 . . . 36 15 Parts 60 | . . 3 . . 48 2 . . . 3 4 Haulers Intercepted 2 | . . . . . 2 . . . . . . Recyclers Shooed 2 | . . . . . 2 . . . . . . Parts Field Recycled . | . . . . . . . . . . . . Retrieved Matter . | . . . . . . . . . . . . Parts Self-Destructed . | . . . . . . . . . . . . Prevented . | . . . . . . . . . . . . Kills | -11 -10 -10 -10 -9 -8 -7 -6 -6 -6 -5 -4 ------- Run | Scr Mat Min Exi Min Mat Fac Fac Was Fac Fac Fac Combat Hostiles Destroyed 18 | . . 2 . . 16 . . . . . . Guns 2 | . . 2 . . . . . . . . . AOE 16 | . . . . . 16 . . . . . . Classes Destroyed 13 | . . 1 . . 11 . . . . 1 . Worker 4 | . . . . . 2 2 . . . . . Builder 2 | . . . . . 1 . . . . . 1 Tunneler 1 | . . . . . 1 . . . . . . Hauler 2 | . . . . . 2 . . . . . . Recycler 2 | . . . . . 2 . . . . . . Operator 1 | . . . . . 1 . . . . . . Watcher 1 | . . . . . . . . . . 1 . Grunt 11 | . . 2 . . 9 . . . . . . Brawler 2 | . . . . . 2 . . . . . . Duelist 1 | . . . . . 1 . . . . . . Protector 1 | . . . . . 1 . . . . . . Sentry 2 | . . . . . 2 . . . . . . Hunter 1 | . . . . . 1 . . . . . . Best Kill Streak 10 | . . 2 . . 10 2 . . . 1 1 Combat Bots Only 7 | . . 2 . . 7 . . . . . . Max Kills in Single Turn 3 | . . 1 . . 3 1 . . . 1 1 Gunslinging . | . . . . . . . . . . . . Exploded 2 | . . . . . 2 . . . . . . Melee . | . . . . . . . . . . . . Uniques/NPCs Destroyed . | . . . . . . . . . . . . Combat | -11 -10 -10 -10 -9 -8 -7 -6 -6 -6 -5 -4 -------- Run | Scr Mat Min Exi Min Mat Fac Fac Was Fac Fac Fac Damage Taken 3563 | . 30 155 . . 649 29 16 34 . 552 2098 Core 1525 | . . 35 . . 181 . . 34 . 122 1153 Absorbed by Shields 146 | . . . . . . . 6 12 . 128 . Core Remaining (%) 89 | 100 . . . 86 67 100 . . 96 87 . Volleys Fired 33 | . . 9 . . 24 . . . . . . Largest 2 | . . 2 . . 2 . . . . . . Hottest 80 | . . 70 . . 80 . . . . . . Shots Fired 58 | . . 18 . . 40 . . . . . . Gun 22 | . . 18 . . 4 . . . . . . Cannon . | . . . . . . . . . . . . Launcher 36 | . . . . . 36 . . . . . . Special . | . . . . . . . . . . . . Kinetic 10 | . . 9 . . 1 . . . . . . Thermal 12 | . . 9 . . 3 . . . . . . Explosive 36 | . . . . . 36 . . . . . . Electromagnetic . | . . . . . . . . . . . . Robot Hit Streak 10 | . . 8 . . 10 . . . . . . Robot Miss Streak 1 | . . 1 . . 1 . . . . . . Penetration Max . | . . . . . . . . . . . . Secondary Targets . | . . . . . . . . . . . . Shots Hit Robots 46 | . . 13 . . 26 3 . . . 1 3 Core Hits 64 | . . 5 . . 55 2 . . . 1 1 Critical Hits . | . . . . . . . . . . . . Critical Kills . | . . . . . . . . . . . . Critical Parts Destroyed . | . . . . . . . . . . . . Melee Attacks 57 | . . . . . . 12 9 . 2 17 17 Impact . | . . . . . . . . . . . . Slashing 55 | . . . . . . 12 9 . 2 17 15 Piercing 2 | . . . . . . . . . . . 2 Sneak Attacks 4 | . . . . . . 2 . . . . 2 Combat Hostiles . | . . . . . . . . . . . . Follow-up Attacks . | . . . . . . . . . . . . Damage Inflicted 2761 | . . 110 . . 2165 231 . . . 33 222 Guns 152 | . . 110 . . 42 . . . . . . Cannons . | . . . . . . . . . . . . Explosions 2123 | . . . . . 2123 . . . . . . Melee 486 | . . . . . . 231 . . . 33 222 Ramming . | . . . . . . . . . . . . Kinetic 37 | . . 34 . . 3 . . . . . . Thermal 115 | . . 76 . . 39 . . . . . . Explosive 2123 | . . . . . 2123 . . . . . . Electromagnetic . | . . . . . . . . . . . . Impact . | . . . . . . . . . . . . Slashing 486 | . . . . . . 231 . . . 33 222 Piercing . | . . . . . . . . . . . . Highest Corruption 10 | . . . . . 10 2 . 5 5 2 1 Average Corruption 6 | . . . . . 9 2 . 5 5 1 1 Corruption Purged . | . . . . . . . . . . . . Effects 21 | . . . . . 17 1 . 1 . 1 1 Message Errors 5 | . . . . . 2 1 . 1 . 1 . Matter Fused 2 | . . . . . 2 . . . . . . Data Loss (minor) 4 | . . . . . 3 . . . . . 1 Data Loss (major) 1 | . . . . . 1 . . . . . . Misfires 1 | . . . . . 1 . . . . . . Alerts 1 | . . . . . 1 . . . . . . Misdirections 2 | . . . . . 2 . . . . . . Targeting Errors 5 | . . . . . 5 . . . . . . Overload Shots . | . . . . . . . . . . . . Overflow Damage 152 | . . . . . 66 56 . . . . 30 Projectiles . | . . . . . . . . . . . . Explosions 66 | . . . . . 66 . . . . . . Melee 86 | . . . . . . 56 . . . . 30 Knockbacks . | . . . . . . . . . . . . Impact . | . . . . . . . . . . . . Kinetic . | . . . . . . . . . . . . Secondary . | . . . . . . . . . . . . Self-Inflicted Damage 205 | . . . . . 205 . . . . . . Shots 6 | . . . . . 6 . . . . . . Rammed . | . . . . . . . . . . . . Targets Rammed . | . . . . . . . . . . . . Kicked . | . . . . . . . . . . . . Crushed . | . . . . . . . . . . . . Highest Temperature 260 | . . 231 . . 260 . . . . . . Average Temperature 124 | . . 121 . . 140 . . . . . . Received Heat Transfer 482 | . . 81 . . 144 18 8 . . 66 165 Siege Activations . | . . . . . . . . . . . . Robots Corrupted . | . . . . . . . . . . . . Combat Hostiles . | . . . . . . . . . . . . Parts Fried . | . . . . . . . . . . . . Impact Corruptions . | . . . . . . . . . . . . Robots Melted . | . . . . . . . . . . . . Combat Hostiles . | . . . . . . . . . . . . Parts Melted . | . . . . . . . . . . . . Heat Transferred 326 | . . 222 . . 104 . . . . . . Parts Sabotaged . | . . . . . . . . . . . . Parts Stolen . | . . . . . . . . . . . . Parts Stripped . | . . . . . . . . . . . . Power Chain Reactions . | . . . . . . . . . . . . Missiles Intercepted . | . . . . . . . . . . . . Alert | -11 -10 -10 -10 -9 -8 -7 -6 -6 -6 -5 -4 ------- Run | Scr Mat Min Exi Min Mat Fac Fac Was Fac Fac Fac Peak Influence 606 | . . 72 . . 606 246 30 40 30 142 223 Initial 184 | . . . . . . 184 6 10 28 14 14 Average 96 | . . 20 . . 222 170 10 23 29 44 57 Maximum Alert Level 2 | . . . . . 2 1 . . . . 1 Low Security (%) 83 | 100 100 100 . 100 49 67 100 100 100 100 98 Level 1 12 | . . . . . 28 32 . . . . 1 Level 2 4 | . . . . . 22 . . . . . . Level 3 . | . . . . . . . . . . . . Level 4 . | . . . . . . . . . . . . Level 5 . | . . . . . . . . . . . . High Security . | . . . . . . . . . . . . Max Security . | . . . . . . . . . . . . Squads Dispatched 9 | . 1 1 . . 4 . . . . 2 1 Investigation 1 | . . . . . . . . . . 1 . Extermination 1 | . . . . . . . . . . 1 . Reinforcement 4 | . 1 . . . 2 . . . . . 1 Assault 2 | . . 1 . . 1 . . . . . . Garrison 1 | . . . . . 1 . . . . . . Intercept . | . . . . . . . . . . . . Construction Impeded . | . . . . . . . . . . . . Haulers Reinforced . | . . . . . . . . . . . . Stealth | -11 -10 -10 -10 -9 -8 -7 -6 -6 -6 -5 -4 --------- Run | Scr Mat Min Exi Min Mat Fac Fac Was Fac Fac Fac Distress Signals 5 | . . . . . 4 . . . . . 1 Communications Jammed . | . . . . . . . . . . . . Distress Signals . | . . . . . . . . . . . . Times Spotted 85 | . 3 2 . . 27 4 1 6 . 14 28 Peak Tracking Total 12 | . 2 4 . . 10 4 1 6 . 6 12 Tactical Retreats 14 | . . . . . 2 1 . . . 5 6 Traps | -11 -10 -10 -10 -9 -8 -7 -6 -6 -6 -5 -4 ------- Run | Scr Mat Min Exi Min Mat Fac Fac Was Fac Fac Fac Traps Triggered 3 | . 1 . . . . 1 1 . . . . Indirectly . | . . . . . . . . . . . . Trap Hack Attempts . | . . . . . . . . . . . . Triggered . | . . . . . . . . . . . . Disarmed . | . . . . . . . . . . . . Reprogrammed . | . . . . . . . . . . . . Reused . | . . . . . . . . . . . . Traps Extracted . | . . . . . . . . . . . . Installed . | . . . . . . . . . . . . Triggered . | . . . . . . . . . . . . Machines | -11 -10 -10 -10 -9 -8 -7 -6 -6 -6 -5 -4 ---------- Run | Scr Mat Min Exi Min Mat Fac Fac Was Fac Fac Fac Machines Disabled 1 | . . . . . 1 . . . . . . Max in Single Turn 1 | . . . . . 1 . . . . . . Garrison Access 1 | . . . . . 1 . . . . . . Machines Sabotaged . | . . . . . . . . . . . . Garrisons Compromised . | . . . . . . . . . . . . Overloaded Fab Kills . | . . . . . . . . . . . . Fab Network Shutdowns . | . . . . . . . . . . . . Hacking | -11 -10 -10 -10 -9 -8 -7 -6 -6 -6 -5 -4 --------- Run | Scr Mat Min Exi Min Mat Fac Fac Was Fac Fac Fac Machines Accessed 9 | . 1 . . . 2 3 . . . 1 2 Terminals 8 | . 1 . . . 1 3 . . . 1 2 Fabricators . | . . . . . . . . . . . . Repair Stations . | . . . . . . . . . . . . Recycling Units . | . . . . . . . . . . . . Scanalyzers . | . . . . . . . . . . . . Garrison Access 1 | . . . . . 1 . . . . . . Total Hacks 19 | . 1 . . . 4 6 . . . 5 3 Successful 9 | . . . . . 2 5 . . . 2 . Failed 10 | . 1 . . . 2 1 . . . 3 3 Catastrophic 3 | . . . . . 1 . . . . 2 . Database Lockouts . | . . . . . . . . . . . . Manual 17 | . 1 . 1 . 2 5 . . . 5 3 Terminals 17 | . 1 . . . 2 6 . . . 5 3 Fabricators . | . . . . . . . . . . . . Repair Stations . | . . . . . . . . . . . . Recycling Units . | . . . . . . . . . . . . Scanalyzers . | . . . . . . . . . . . . Garrison Access 2 | . . . . . 2 . . . . . . Terminal Hacks 3 | . . . . . . 2 . . . 1 . Unreport Threat 2 | . . . . . . 1 . . . 1 . Maintenance Status 1 | . . . . . . 1 . . . . . Fabricator Hacks . | . . . . . . . . . . . . Repair Station Hacks . | . . . . . . . . . . . . Recycling Unit Hacks . | . . . . . . . . . . . . Scanalyzer . | . . . . . . . . . . . . Garrison Access Hacks 1 | . . . . . 1 . . . . . . Seal Access 1 | . . . . . 1 . . . . . . Unauthorized Hacks 5 | . . . . . 1 3 . . . 1 . Terminals 5 | . . . . . 1 3 . . . 1 . Botnet 5 | . . . . . 1 3 . . . 1 . Fabricators . | . . . . . . . . . . . . Repair Stations . | . . . . . . . . . . . . Recycling Units . | . . . . . . . . . . . . Scanalyzers . | . . . . . . . . . . . . Garrison Access . | . . . . . . . . . . . . Data Cores Recovered . | . . . . . . . . . . . . Used . | . . . . . . . . . . . . Hacking Detections 5 | . . . . . . 3 . . . 1 1 Full Trace Events 1 | . . . . . . . . . . 1 . Feedback Events . | . . . . . . . . . . . . Feedback Blocked . | . . . . . . . . . . . . Robot Schematics Acquired . | . . . . . . . . . . . . Robots Built . | . . . . . . . . . . . . Matter . | . . . . . . . . . . . . Time . | . . . . . . . . . . . . Total Robot Build Rating . | . . . . . . . . . . . . Part Schematics Acquired . | . . . . . . . . . . . . Parts Built . | . . . . . . . . . . . . Matter . | . . . . . . . . . . . . Time . | . . . . . . . . . . . . Total Part Build Rating . | . . . . . . . . . . . . Parts Repaired . | . . . . . . . . . . . . Time . | . . . . . . . . . . . . Parts Recycled . | . . . . . . . . . . . . Recycled Matter . | . . . . . . . . . . . . Retrieved Matter . | . . . . . . . . . . . . Retrieved Components . | . . . . . . . . . . . . Parts Scanalyzed . | . . . . . . . . . . . . Part Schematics Acquired . | . . . . . . . . . . . . Parts Damaged . | . . . . . . . . . . . . Bothacking | -11 -10 -10 -10 -9 -8 -7 -6 -6 -6 -5 -4 ------------ Run | Scr Mat Min Exi Min Mat Fac Fac Was Fac Fac Fac Used RIF Installer . | . . . . . . . . . . . . Robots Hacked . | . . . . . . . . . . . . Non-combat . | . . . . . . . . . . . . Combat . | . . . . . . . . . . . . Robot Hacks Applied . | . . . . . . . . . . . . Relay Couplers Released . | . . . . . . . . . . . . Robots Rewired . | . . . . . . . . . . . . Allies Hacked . | . . . . . . . . . . . . Hacks Repelled . | . . . . . . . . . . . . Allies | -11 -10 -10 -10 -9 -8 -7 -6 -6 -6 -5 -4 -------- Run | Scr Mat Min Exi Min Mat Fac Fac Was Fac Fac Fac Total Allies 1 | . . 1 . . . . . . . . . Largest Group 1 | . . 1 . . . . . . . . . Highest-Rated Group 31 | . . 31 . . . . . . . . . Highest-Rated Ally 31 | . . 31 . . . . . . . . . Total Orders . | . . . . . . . . . . . . Ally Attacks 5 | . . 5 . . . . . . . . . Total Damage 84 | . . 84 . . . . . . . . . Kills 2 | . . 2 . . . . . . . . . Allies Corrupted . | . . . . . . . . . . . . Allies Melted . | . . . . . . . . . . . . Intel | -11 -10 -10 -10 -9 -8 -7 -6 -6 -6 -5 -4 ------- Run | Scr Mat Min Exi Min Mat Fac Fac Was Fac Fac Fac Robot Analysis Total . | . . . . . . . . . . . . Derelict Logs Recovered . | . . . . . . . . . . . . Drone Launches . | . . . . . . . . . . . . Drone Recoveries . | . . . . . . . . . . . . Exploration | -11 -10 -10 -10 -9 -8 -7 -6 -6 -6 -5 -4 ------------- Run | Scr Mat Min Exi Min Mat Fac Fac Was Fac Fac Fac Turns Passed 2790 | 7 130 140 447 40 424 494 226 34 90 413 345 Spaces Moved 3696 | 5 63 74 444 32 272 850 382 67 157 703 647 Core 647 | . . . . . 36 484 . . . . 127 Treads 189 | . 23 49 . . 117 . . . . . . Legs 1 | . . . . . . 1 . . . . . Wheels 665 | 5 40 25 444 32 119 . . . . . . Hover . | . . . . . . . . . . . . Flight 2194 | . . . . . . 365 382 67 157 703 520 Fastest Speed 42 | 100 100 100 100 100 50 50 50 50 50 50 42 Average Speed 63 | 100 121 139 100 100 120 50 50 50 50 50 44 Slowest Speed 165 | 100 160 160 100 100 165 120 50 50 50 50 50 Overloaded Moves . | . . . . . . . . . . . . Propulsion Burnouts . | . . . . . . . . . . . . Robots Hopped . | . . . . . . . . . . . . Cave-ins Triggered . | . . . . . . . . . . . . Exploration Rate (%) 26 | 2 20 8 91 14 32 24 9 70 5 26 18 Regions Visited 11 Branch Regions 3 Pre-discovered Areas . | . . . . . . . . . . . . Known Exits Taken . | . . . . . . . . . . . . Unknown Exits Taken 9 | 1 1 1 1 1 1 1 . . 1 1 . Scrap Searched 1 | . . 1 . . . . . . . . . Spaces Dug 67 | . . . . . 19 9 9 . 2 15 13 Terrain Destroyed 238 | . . . . . 190 9 9 . 2 15 13 Melee 48 | . . . . . . 9 9 . 2 15 13 Projectile . | . . . . . . . . . . . . AOE 190 | . . . . . 190 . . . . . . Terrain Rammed . | . . . . . . . . . . . . Walls Destroyed . | . . . . . . . . . . . . Machines Disabled . | . . . . . . . . . . . . Actions | -11 -10 -10 -10 -9 -8 -7 -6 -6 -6 -5 -4 --------- Run | Scr Mat Min Exi Min Mat Fac Fac Was Fac Fac Fac Total 3974 | 6 116 94 448 40 326 897 402 66 165 738 676 Wait 122 | . 46 10 . 9 12 15 6 . . 17 7 Move 3686 | 4 62 73 443 31 271 849 382 66 156 702 647 Hop . | . . . . . . . . . . . . Pick Up 23 | . 4 1 1 . 3 6 3 . 5 . . Fast Attach 19 | . 1 . . . 6 8 2 . . 1 1 Attach 10 | . . . . . 4 3 . . . . 3 Detach 1 | . . . . . . . . . . 1 . Swap 5 | 2 1 . . . 2 . . . . . . Drop 18 | . 2 1 4 . 4 4 . . 2 . 1 Fire 33 | . . 9 . . 24 . . . . . . Melee 57 | . . . . . . 12 9 . 2 17 17 Ram . | . . . . . . . . . . . . Kick . | . . . . . . . . . . . . Crush . | . . . . . . . . . . . . Escape Stasis . | . . . . . . . . . . . . Rewire . | . . . . . . . . . . . . Trap . | . . . . . . . . . . . . Miscellaneous . | . . . . . . . . . . . . Route ------- -11/Scrapyard -10/Materials -10/Mines -10/Exiles -9/Mines -8/Materials -7/Factory -6/Factory -6/Waste -6/Factory -5/Factory -4/Factory History --------- Turn | Location | Event 4 | -11/Scrapyard | Discovered new exit (range 3) 8 | -11/Scrapyard | Entered Materials 108 | -10/Materials | Met 8R-AWN 126 | -10/Materials | Discovered new exit (range 8) 138 | -10/Materials | Entered Mines 139 | -10/Mines | Met a Derelict testing a Signal Generator 139 | -10/Mines | Followed 8R-AWN into the Mines 149 | -10/Mines | Found Signal Generator 272 | -10/Mines | Discovered new exit (range 5) 278 | -10/Mines | Entered Exiles 302 | -10/Exiles | Build established: Mutant 302 | -10/Exiles | Welcomed by 8R-AWN 326 | -10/Exiles | Met EX-HEX 362 | -10/Exiles | Met EX-BIN 376 | -10/Exiles | Aligned with FarCom system 377 | -10/Exiles | Given EX-Vault access code 439 | -10/Exiles | Opened EX-Vault 447 | -10/Exiles | Found Prototype Flight Unit 469 | -10/Exiles | Warned to stay clear of 0b10 Research branches 498 | -10/Exiles | Met EX-DEC 558 | -10/Exiles | Visited The Gauntlet 715 | -10/Exiles | Discovered new exit (range 12) 725 | -10/Exiles | Left Exiles lab with Flying Fortress v7 725 | -10/Exiles | Entered Mines 744 | -9/Mines | Discovered new exit (range 11) 765 | -9/Mines | Entered Materials 765 | -8/Materials | Evolved 4 slots: Propulsion x2, Utility x2 922 | -8/Materials | System corruption reached 10% 952 | -8/Materials | Lost 5 parts (1p1n1u2w) 970 | -8/Materials | Garrison activated, responded to threat 1004 | -8/Materials | Destroyed 7 combat bots 1170 | -8/Materials | Released all parts (10) 1181 | -8/Materials | Discovered new exit (range 15) 1189 | -8/Materials | Entered Factory 1189 | -7/Factory | Evolved 2 slots: Power x1, Utility x1 1448 | -7/Factory | Identified Flying Fortress v7 1669 | -7/Factory | Discovered new exit (range 6) 1683 | -7/Factory | Entered another Factory area 1683 | -6/Factory | Evolved 2 slots: Utility x2 1890 | -6/Factory | Build established: Ninja 1905 | -6/Factory | Discovered new exit (range 14) 1909 | -6/Factory | Sucked down chute 1909 | -6/Factory | Entered Waste 1924 | -6/Waste | EMP discharged 1925 | -6/Waste | Spotted C-40 Crusher 1926 | -6/Waste | Spotted C-40 Crusher 1930 | -6/Waste | Spotted C-40 Crusher 1932 | -6/Waste | Spotted C-40 Crusher 1935 | -6/Waste | Discovered new exit (range 14) 1935 | -6/Waste | Spotted C-40 Crusher 1936 | -6/Waste | Spotted C-40 Crusher 1943 | -6/Waste | Entered Factory 2026 | -6/Factory | Discovered new exit (range 13) 2033 | -6/Factory | Entered another Factory area 2033 | -5/Factory | Evolved 2 slots: Utility x2 2438 | -5/Factory | Discovered new exit (range 16) 2446 | -5/Factory | Entered another Factory area 2446 | -4/Factory | Evolved 2 slots: Propulsion x2 2703 | -4/Factory | Lost 5 parts (1p2n2u) 2761 | -4/Factory | Core integrity fell below 50% 2781 | -4/Factory | Core integrity fell below 20% 2791 | -4/Factory | Destroyed by P-70 Sage with High-powered Shock Rifle Last Messages --------------- 02684_ K-01 Serf collects debris. 02701_ U-05 Engineer lays Concrete. 02714_ Dropped Lrg. Storage Unit. 02715_ Repair Station disabled. 02715_ U-05 Engineer builds a Wall. 02717_ Manufacturing Mainframe disabled. 02725_ Scythe destroyed. 02728_ Slug penetrates Wall. 02733_ Slug penetrates Construction Platform. 02733_ Construction Platform disabled. 02734_ Flying Fortress v7 destroyed. 02744_ System corrupted: Component data lost. 02758_ Slug penetrates Wall. 02759_ Hvy. Pick destroyed. 02759_ P-70 Sage resets S-27 Virus, system corruption cleaned. 02767_ U-05 Engineer builds a Wall. 02773_ Adv. Terrain Scan Processor destroyed. 02779_ Slug penetrates Subcomponent Replicator. 02786_ Acquired Axe. 02786_ Slug penetrates S-27 Virus. Map ----- +----------------------------------------------------+ | ?????????????????????????????????????????????????? | | ?????????????????????????????????????????????????? | | ?????????????????????????????????????????????????? | | ?????????????????????????????????????????????????? | | ?????????????????????????????????????????????????? | | ?????????????????????????????????????????????????? | | ?????????????????????????????????????????????????? | | ?????????????????????????????????????????????????? | | ?????????????????????????????????????????????????? | | ?????????????????????????????????????????????????? | | ?????????????????????????????????????????????????? | | ?????????????????????????????????????????????????? | | ?????????????????????????????????????????????????? | | ?????????????????????????Y???????????????????????? | | ??????????"???? ??????????????????????????????? | | ?????????? ???? ??????????????????????????????? | | ?????????? ???? ??????????????????????????????? | | ????????? ?? #?????????????????????????????? | | ?????? ? #?????????????????????????????? | | ?????? "" "" #?????????????????????????????? | | ????? "F "" #?????????????????????????????? | | ?????? p """"" #?????????????????????????????? | | ??????? #?????????????????????????????? | | ????????? #????###??????????????????????? | | ??????????#p #######;#######????????????????? | | ??????????# # p @ #????????????????? | | ?###??????# ^^# """s #????????????????? | | ########### ^ # """ #????????????????? | | ] + + """ !]] #????????????????? | | """ # # ""s ] #????????????????? | | "R" """" # # ""s /] Y #???????????????? | | " """" # g#[ s ##???????????????? | | """" # # p #????????????????? | | []= """" # # " F" = #????????????????? | | =!] # # """" #????????????????? | | """ """" # Y# #????????????????? | | """" """" # g###############?###????????????? | | """" """" # #????????########"#????????????? | | """" """ # #????????# #????????????? | | # g#????????# #????????????? | | ######"#### g#????????# """ #????????????? | | # # #????????# ] """" #????????????? | | # [ # #????????# """" ##???????????? | | # # ########## """" "#???????????? | | # # # """" ##???????????? | | # # # """" #????????????? | | # + # """ #????????????? | | # # / #????????????? | | # # # ! """" #????????????? | | # # # """" #????????????? | +----------------------------------------------------+ Best States ------------- Heat Dissipation 45 Energy Generation 25 Energy Capacity 200 Matter Stores 300 Matter Capacity 300 Sight Range 16 Robot Scan Range 16 Terrain Scan Density 210 Jamming Range 8 Additional Mass Support 9 Corruption Prevention 12 Evasion (%) 61 Core Analysis 6 Recoil Reduction 3 Item Schematics ----------------- None Robot Schematics ------------------ None Fabricated ------------ Nothing Alien Tech Used ----------------- None Achievements -------------- None Challenges ------------ None Game ------ Seed InsulatedCombatDetonator Manual? 0 Play Time 00:53:44 Cumulative 40.3 hours Start 2021.10.17 @ 14:11:23 End 2021.10.17 @ 15:05:30 Sessions 1 Manual Loads 0 Difficulty Rogue Special Mode None Game No. 81 Rogue 81 Adventurer 0 Explorer 0 Win Type - Total 1 Types 1/0/0/0/0/0/0/0/0 Lore% 34 Gallery% 39 Achievement% 30 Wizard Run 0 Options --------- ASCII 0 Keyboard 1 Movement Vi Keybinds 0 Fullscreen 1 Font 18/SmallcapsGlow Map View 76x50 Tactical HUD 1 Map Filters NONE Filters NONE Steam 1 RUN: 8f8735b7-5b2f-486e-838d-4747a8bc6855